 Dungeon Crawl Stone Soup version 0.31-a0-986-g5e6e4ef867 (webtiles) character file.

Game seed: 15387428000359209990

59 Naiya55 the Shield-Bearer (level 4, -1/37 HPs)
             Began as a Formicid Fighter on Nov 4, 2023.
             Slain by Grinder (8 damage)
             ... on level 3 of the Dungeon.
             The game lasted 00:01:58 (1798 turns).

Naiya55 the Shield-Bearer (Formicid Fighter)        Turns: 1798, Time: 00:01:59

Health: -1/37      AC:  6    Str: 23    XL:     4   Next: 22%
Magic:  4/4        EV:  9    Int:  7    God:
Gold:   96         SH:  5    Dex: 13    Spells: 3/3 levels left

rFire   . . .        a - +0 war axe
rCold   . . .        c - +0 buckler
rNeg    . . .        b - +0 scale mail
rPois   .            (helmet unavailable)
rElec   .            (no cloak)
rCorr   .            (no gloves)
SInv    +            (no boots)
Will    .....        (no amulet) Stlth
                     (no ring)
HPRegen 0.26/turn    (no ring)
MPRegen 0.09/turn

%: no passive effects
@: no status effects
A: permanent stasis, dig shafts and tunnels, antennae 3, four strong arms
a: Dig, Shaft Self


You were on level 3 of the Dungeon.
You visited 1 branch of the dungeon, and saw 3 of its levels.

You collected 96 gold pieces.

Inventory:

Hand Weapons
 a - a +0 war axe (weapon)
Armour
 b - a +0 scale mail (worn)
 c - a +0 buckler (worn)
Jewellery
 e - a +4 ring of protection
Scrolls
 i - a scroll of identify {unknown}
Potions
 d - a potion of might
 f - a potion of magic {unknown}
 g - a potion of lignification {unknown}
 h - 3 potions of curing {unknown}
 j - a potion of degeneration {unknown}


   Skills:
 + Level 4.0 Fighting
 * Level 3.5 Axes
 - Level 3.2 Armour
 - Level 4.0 Shields


You had 3 spell levels left.
You didn't know any spells.
Your spell library was empty.

Dungeon Overview and Level Annotations

Branches:
Dungeon (3/15)

Altars:

Annotations:
D:3 Grinder


Innate Abilities, Weirdness & Mutations

You cannot be hasted, slowed, berserked, paralysed or teleported.
You can dig through walls and to a lower floor.
You have a pair of large antennae on your head. (SInv)
Your four strong arms can wield two-handed weapons with a shield.


Message History

You are too injured to fight recklessly!
You are too injured to fight recklessly!
You are too injured to fight recklessly!
You are too injured to fight recklessly!
You are too injured to fight recklessly!
You are too injured to fight recklessly!
You are too injured to fight recklessly!
You are too injured to fight recklessly!
You are too injured to fight recklessly!
You are too injured to fight recklessly!
You are too injured to fight recklessly!
You are too injured to fight recklessly!
You are too injured to fight recklessly!
You are too injured to fight recklessly!
You are too injured to fight recklessly!
You are too injured to fight recklessly!
You are too injured to fight recklessly!
You are too injured to fight recklessly!
You are too injured to fight recklessly!
You are too injured to fight recklessly!
You are too injured to fight recklessly!
You are too injured to fight recklessly!
You are too injured to fight recklessly!
You are too injured to fight recklessly!
You are too injured to fight recklessly!
You are too injured to fight recklessly!
You are too injured to fight recklessly!
You hit Grinder.
Grinder is lightly wounded.
You block Grinder's attack. Grinder hits you.
* * * LOW HITPOINT WARNING * * *
You slash Grinder!
Grinder is heavily wounded.
Grinder gestures at you. You resist with significant effort.
You hit Grinder.
Grinder is severely wounded.
Grinder hits you!
You die...
Grinder says, "Now the real fun starts!"

.#
#########.#
##
#.........# {
.........# {
......#.# {
######..#.# {
..........#
.#####..###
#......####.#
##.#..5@..$.#
# #..#######
#.. ##. #. #.
#. #.


You could see Grinder.

Vanquished Creatures
  A gnoll (D:1)
  2 worms (D:2)
  A dart slug (D:2)
  5 ball pythons
  2 endoplasms (D:2)
  A giant cockroach (D:1)
  5 hobgoblins
  2 jackals (D:2)
  2 quokkas (D:2)
  5 bats
  A frilled lizard (D:1)
  6 goblins
  3 kobolds
  3 rats
39 creatures vanquished.

Notes
Turn   | Place    | Note
-------+----------+-------------------------------------------
     0 | D:1      | Naiya55 the Formicid Fighter began the quest for the Orb.
     0 | D:1      | Reached XP level 1. HP: 18/18 MP: 1/1
   298 | D:1      | Reached XP level 2. HP: 21/24 MP: 2/2
   451 | D:1      | Reached XP level 3. HP: 12/30 MP: 3/3
   934 | D:2      | Found a faded altar of an unknown god.
   976 | D:2      | Found the +3 crown of Dyrovepreva {rElec Int+2 SInv}
  1398 | D:2      | Reached XP level 4. HP: 37/37 MP: 4/4
  1788 | D:3      | Noticed Grinder
  1798 | D:3      | Slain by Grinder

Illustrated notes

Levels and vault maps discovered:
D:1:      heliophobic_arrival_glass_houses, layout_basic
D:2:      layout_basic, nicolae_ecumenical_pavilion
D:3:      layout_basic, nicolae_overflow_hidden_temple, gammafunk_ghost_arena,
          kennysheep_pointless_box, grunt_ministairs_12, uniq_grinder

Skill      XL: |  1  2  3 |
---------------+----------+-----
Axes           | 3 |  3.5
Fighting       | 4 |  4.0
Armour         | |  3.2
Shields        | |  4.0

Action                     |  1- 3 |  4- 6 || total
---------------------------+-------+-------++-------
  Melee: War axe           |    84 |    25 ||   109
 Armour: Scale mail        |    52 |    14 ||    66
  Dodge: Dodged            |    36 |     8 ||    44
  Block: Buckler           |    18 |     3 ||    21

Table legend: (Time is in decaauts)
 A = Elapsed time spent in this place.
 B = Non-inter-level travel time spent in this place.
 C = Inter-level travel time spent in this place.
 D = Time resting spent in this place.
 E = Time spent auto-exploring this place.
 F = Levels seen in this place.
 G = Mean time per level.
                   A        B        C        D        E       F      G
               +--------+--------+--------+--------+--------+-----+--------+
         Total |   1841 |   1760 |     81 |      0 |   1432 |   3 |  613.7 |
       Dungeon |   1841 |   1760 |     81 |      0 |   1432 |   3 |  613.7 |
               +--------+--------+--------+--------+--------+-----+--------+

Top non-repeatable levels by time:
     D:2: 889 daAuts
     D:1: 882 daAuts
     D:3: 69 daAuts
